 Dungeon Crawl Stone Soup version 0.32-a0-131-g9dbbe29261 (webtiles) character file.

Game seed: 16098274989023515175

807 whatisthis the Magician (level 8, -2/50 HPs)
             Began as a Djinni Air Elementalist on Feb 8, 2024.
             Was an Initiate of Elyvilon.
             Slain by a sky beast (6 damage)
             ... on level 5 of the Dungeon.
             The game lasted 00:09:51 (4478 turns).

whatisthis the Magician (Djinni Air Elementalist)   Turns: 4478, Time: 00:09:52

Health: -2/50      AC:  4    Str:  7    XL:     8   Next: 14%
Gold:   234        EV: 12    Int: 19    God:    Elyvilon [......] SH:  0 Dex: 14

rFire   + + .        (no weapon)
rCold   x . .        (no shield)
rNeg    . . .        a - +0 robe
rPois   ∞            (no helmet)
rElec   .            (no cloak)
rCorr   .            b - +1 pair of gloves
SInv    +            (boots unavailable)
Will    .....        (no amulet)
Stlth   ++           u - ring of see invisible
HPRegen 0.28/turn    (no ring)
MPRegen 0.00/turn

%: infuse magic (-3 HP)
@: flying
A: sickness immunity, fire resistance 2, cold vulnerability 1, float, innate
caster, HP casting, extra vitality 1
a: Renounce Religion


You were on level 5 of the Dungeon.
You worshipped Elyvilon.
Elyvilon was noncommittal.
You visited 2 branches of the dungeon, and saw 6 of its levels.

You collected 234 gold pieces.

Inventory:

Missiles
 i - 4 poisoned darts
 q - 4 atropa-tipped darts (quivered)
Armour
 a - a +0 robe (worn)
 b - a +1 pair of gloves (worn)
Jewellery
 t - a ring of fire
 u - a ring of see invisible (left hand)
Scrolls
 e - 2 scrolls of identify {unknown}
 f - 2 scrolls of fog {unknown}
 h - a scroll of noise {unknown}
 j - 2 scrolls of revelation {unknown}
 k - 2 scrolls of amnesia {unknown}
 l - a scroll of enchant weapon {unknown}
 o - a scroll of immolation {unknown}
 r - 2 scrolls of enchant armour {unknown}
 w - a scroll of teleportation {unknown}
Potions
 c - a potion of ambrosia {unknown}
 d - a potion of might {unknown}
 g - 2 potions of cancellation {unknown}
 m - a potion of magic {unknown}
 n - a potion of curing {unknown}
 p - 2 potions of enlightenment {unknown}
 s - a potion of degeneration {unknown}
 v - a potion of heal wounds {unknown}


   Skills:
 - Level 2.1 Dodging
 - Level 1.5 Stealth
 + Level 7.4 Spellcasting
 + Level 7.4 Conjurations
 + Level 7.4 Hexes
 + Level 7.4 Summonings
 + Level 7.4 Necromancy
 + Level 7.4 Translocations
 + Level 7.4 Fire Magic
 + Level 7.4 Ice Magic
 + Level 7.4 Air Magic
 + Level 7.4 Earth Magic
 + Level 7.4 Alchemy


You knew the following spells:

 Your Spells              Type           Power      Damage    Failure   Level
a - Shock                 Conj/Air       100%       1d9       1%          1
b - Static Discharge      Conj/Air       70%        3-6/arc   1%          2
c - Swiftness             Air            35%        N/A       1%          3
d - Airstrike             Air            17%        2d(3-19)  4%          4
e - Foxfire               Conj/Fire      100%       2x1d9     1%          1
f - Ensorcelled Hibernat  Hex/Ice        70%        N/A       1%          2
g - Vampiric Draining     Necr           35%        2d8       1%          3
Your spell library was empty.

Dungeon Overview and Level Annotations

Branches:
Dungeon (5/15)             Temple (1/1) D:4

Altars:
Ashenzari
Cheibriados
Dithmenos
Elyvilon
Fedhas
Gozag
Hepliaklqana
Makhleb
Nemelex Xobeh
Okawaru
Qazlal
Ru
Trog
Uskayaw
Wu Jian
Xom
Yredelemnul
Zin
The Shining One

Shops:
D:5 *

Annotations:
D:4 exclusions: black bear and 1 more exclusion, Ijyb


Innate Abilities, Weirdness & Mutations

You are immune to sickness and miasma.
You are immune to poison.
Your flesh is very heat resistant. (rF++)
You are vulnerable to cold. (rC-)
You float through the air rather than walking.
You learn spells naturally, not from books.
Your magical power is your life essence.
You have superior vitality. (+4 MHP)


Message History

That would be overly suicidal.
Okay, then.
Unknown command.
Casting: Ensorcelled Hibernation (safe; 1% risk of failure)
Confirm with . or Enter, or press ? or * to list all spells.
Aiming: Ensorcelled Hibernation (safe; 1% risk of failure)
Press: ? - help, Shift-Dir - straight line, f - sky beast
Aim: a sky beast (slightly transparent, not susceptible)
Okay, then.
Casting: Ensorcelled Hibernation (safe; 1% risk of failure)
Confirm with . or Enter, or press ? or * to list all spells.
Aiming: Ensorcelled Hibernation (safe; 1% risk of failure)
Press: ? - help, Shift-Dir - straight line, f - you
Okay, then.
Casting: Ensorcelled Hibernation (safe; 1% risk of failure)
Confirm with . or Enter, or press ? or * to list all spells.
Aiming: Ensorcelled Hibernation (safe; 1% risk of failure)
Press: ? - help, Shift-Dir - straight line, f - sky beast
Aim: a sky beast (slightly transparent, not susceptible)
The sky beast is unaffected.
* * * LOW HITPOINT WARNING * * *
The sky beast barely misses you.
Unknown command.
Casting: Ensorcelled Hibernation (safe; 1% risk of failure)
Confirm with . or Enter, or press ? or * to list all spells.
Aiming: Ensorcelled Hibernation (safe; 1% risk of failure)
Press: ? - help, Shift-Dir - straight line, f/p - sky beast
Aim: a sky beast (slightly transparent, not susceptible)
Okay, then.
Unknown command.
Okay, then.
Throw: 5 darts (atropa)
Press: ? - help, Q - select action, (/) - cycle Shift-Dir - straight line, f/p - sky beast
Aim: a sky beast (slightly transparent, 41% to hit, chance to blind on hit: 27%)
You throw an atropa-tipped dart.
The atropa-tipped dart barely misses the sky beast.
The sky beast hits you.
* * * LOW HITPOINT WARNING * * *
The sky beast shocks you.
You die...

#..#.#.#l#
#.......#
#####..##.#)#
#..####.#
#...<..# #[⌠)#
#.......#
#.####.#
.#!#.##..######
#...#.#
#.#.#....#
#....# #.#^.##.#
#......#####..##
.#
#..#†#.......Y#
#
#.......#...#@#
..[...#....#.#.#
#.##.[.######
#.# #$ .... #o#
# ##.## #.# ..#
###


You could see a sky beast (invisible) and an orc (asleep).

Vanquished Creatures
  2 ogres
  A centaur (D:5)
  3 scorpions (D:5)
  A howler monkey (D:4)
  2 bombardier beetles
  A jelly (D:4)
  2 hounds (D:5)
  2 iguanas (D:5)
  7 adders
  A ribbon worm (D:4)
  2 dart slugs
  4 orcs (D:4)
  3 bats
  3 endoplasms
  3 giant cockroaches
  7 hobgoblins
  15 jackals
  7 kobolds
  4 quokkas
  4 ball pythons
  5 frilled lizards
  8 goblins
  4 rats
91 creatures vanquished.

Notes
Turn   | Place    | Note
-------+----------+-------------------------------------------
     0 | D:1      | whatisthis the Djinni Air Elementalist began the quest for
                  | the Orb.
     0 | D:1      | whatisthis set off with the following spells memorised:
                  | Shock, Static Discharge, Swiftness, Airstrike.
     0 | D:1      | Reached XP level 1. HP: 15/15 MP: 0/0
   236 | D:1      | Reached XP level 2. HP: 20/21 MP: 0/0
   779 | D:1      | Found a faded altar of an unknown god.
   787 | D:1      | Reached XP level 3. HP: 23/25 MP: 0/0
   787 | D:1      | Learned a level 1 spell: Foxfire
  1611 | D:2      | You are sucked into a shaft and drop 1 floor!
  1754 | D:3      | Reached XP level 4. HP: 24/31 MP: 0/0
  2142 | D:4      | Noticed Ijyb
  2296 | D:4      | Reached XP level 5. HP: 30/35 MP: 0/0
  2296 | D:4      | Learned a level 2 spell: Ensorcelled Hibernation
  2459 | D:4      | Reached skill level 5 in Spellcasting
  2459 | D:4      | Reached skill level 5 in Conjurations
  2459 | D:4      | Reached skill level 5 in Hexes
  2459 | D:4      | Reached skill level 5 in Summonings
  2459 | D:4      | Reached skill level 5 in Necromancy
  2459 | D:4      | Reached skill level 5 in Translocations
  2459 | D:4      | Reached skill level 5 in Fire Magic
  2459 | D:4      | Reached skill level 5 in Ice Magic
  2459 | D:4      | Reached skill level 5 in Air Magic
  2459 | D:4      | Reached skill level 5 in Earth Magic
  2459 | D:4      | Reached skill level 5 in Alchemy
  2545 | D:4      | Noticed a black bear
  2606 | D:4      | Found a staircase to the Ecumenical Temple.
  2654 | Temple   | Entered the Ecumenical Temple
  2666 | Temple   | Became a worshipper of Elyvilon the Healer
  2704 | D:4      | Noticed an ogre
  2725 | D:4      | Reached XP level 6. HP: 34/40 MP: 0/0
  2746 | D:4      | Killed an ogre
  3190 | D:5      | Entered Level 5 of the Dungeon
  3213 | D:5      | Noticed a sky beast
  3438 | D:5      | Reached XP level 7. HP: 30/45 MP: 0/0
  3438 | D:5      | Learned a level 3 spell: Vampiric Draining
  3565 | D:5      | Found Jiobbushin's General Store.
  4117 | D:5      | Reached XP level 8. HP: 47/50 MP: 0/0
  4478 | D:5      | Slain by a sky beast

Illustrated notes

Levels and vault maps discovered:
D:1:      psy_arrival_conway, layout_basic,
          dreamdust_ecumenical_altar_angels_and_demons
D:2:      layout_loops_ring, nicolae_eternal_life, st_stairs_4
D:3:      layout_rooms
D:4:      layout_basic, lemuel_tele_altar, minmay_temple_entry_mini_moons,
          minmay_cupped, uniq_ijyb
D:5:      layout_basic, serial_shops, nicolae_shop_peninsula,
          kb_lookout_dungeons_type, minmay_circle_x
Temple:   mainiacjoe_temple_circle_huts

Skill      XL: |  1  2  3  4  5  6  7 |
---------------+----------------------+-----
Spellcasting   | 4 5 6 7 |  7.4
Conjurations   | 4 5 6 7 |  7.4
Hexes          | 4 5 6 7 |  7.4
Summonings     | 4 5 6 7 |  7.4
Necromancy     | 4 5 6 7 |  7.4
Translocations | 4 5 6 7 |  7.4
Fire Magic     | 4 5 6 7 |  7.4
Ice Magic      | 4 5 6 7 |  7.4
Air Magic      | 4 5 6 7 |  7.4
Earth Magic    | 4 5 6 7 |  7.4
Alchemy        | 4 5 6 7 |  7.4
Dodging        | |  2.1
Stealth        | |  1.5

Action                     |  1- 3 |  4- 6 |  7- 9 || total
---------------------------+-------+-------+-------++-------
  Throw: Dart              |       |       |     1 ||     1
   Cast: Shock             |    68 |    78 |    34 ||   180
         Static Discharge  |     2 |     4 |    14 ||    20
         Ensorcelled Hiber |       |     5 |     3 ||     8
 Armour: Robe              |     5 |    10 |    25 ||    40
  Dodge: Dodged            |     3 |     7 |     7 ||    17

Table legend: (Time is in decaauts)
 A = Elapsed time spent in this place.
 B = Non-inter-level travel time spent in this place.
 C = Inter-level travel time spent in this place.
 D = Time resting spent in this place.
 E = Time spent auto-exploring this place.
 F = Levels seen in this place.
 G = Mean time per level.
                   A        B        C        D        E       F      G
               +--------+--------+--------+--------+--------+-----+--------+
         Total |   4476 |   4316 |    160 |    238 |   3406 |   6 |  746.0 |
       Dungeon |   4451 |   4302 |    149 |    238 |   3406 |   5 |  890.2 |
        Temple |     25 |     14 |     11 |      0 |      0 |   1 |   25.0 |
               +--------+--------+--------+--------+--------+-----+--------+

Top non-repeatable levels by time:
     D:5: 1235 daAuts
     D:4: 1081 daAuts
     D:1: 981 daAuts
     D:2: 684 daAuts
     D:3: 469 daAuts
  Temple: 25 daAuts
